Map: Cerulean Fall LE

Players

Mesrob

  • Race: Terran Terran
  • League: Gold
  • Spawn Location: 7:00

RedRum - Winner!

  • Race: Terran Terran
  • League: Platinum
  • Spawn Location: 1:00

VOD

Have the link to the VOD?

Description

Time

  • Played on: Jan. 11, 2019, 11:07 a.m.
  • Length: 17:14
Show
View Real Time Build Order
Export as new Build Order

Mesrob Terran 

Build Orders: 2 Factory, Mech 

Get SALT Encoding   

  12  0:01  SCV  
  13  0:13  SCV  
  14  0:17  Supply Depot  
  14  0:25  SCV  
  15  0:39  SCV  
  15  0:40  Barracks  
  16  0:49  Refinery  
  16  0:55  SCV  
  17  1:08  SCV  
  18  1:20  SCV  
  19  1:30  Command Center  
  19  1:38  Orbital Command  
  19  1:42  Marine  
  20  2:04  Bunker  
  20  2:09  SCV  
  21  2:21  SCV  
  22  2:23  Factory  
  22  2:33  SCV  
  23  2:46  Orbital Command  
  23  2:58  Barracks Tech Lab  
  23  3:06  SCV  
  23  3:10  Refinery  
  24  3:18  Factory, SCV  
  25  3:26  SCV  
  26  3:30  Siege Tank, SCV  
  30  3:35  Refinery  
  30  3:37  Refinery  
  30  3:38  SCV  
  30  3:40  Marine  
  32  3:42  SCV  
  33  3:50  SCV  
  33  3:54  SCV  
  35  3:56  Supply Depot  
  35  4:02  SCV  
  36  4:12  Factory Reactor  
  36  4:14  SCV  
  37  4:18  Siege Tank  
  37  4:22  Supply Depot  
  37  4:23  Supply Depot  
  40  4:26  SCV  
  41  4:33  Marine  
  41  4:37  SCV  
  43  4:38  SCV  
  43  4:44  Engineering Bay  
  44  4:48  Supply Depot  
  44  4:49  SCV  
  44  4:50  Siege Tank, SCV  
  44  4:51  Hellion x2  
  53  5:01  SCV  
  53  5:02  SCV  
  53  5:04  Command Center  
  55  5:13  SCV  
  56  5:14  Missile Turret  
  56  5:22  Siege Tank  
  56  5:23  Missile Turret  
  59  5:29  Armory  
  59  5:37  Missile Turret  
  59  5:44  Missile Turret  
  59  5:54  Hellion x2, Siege Tank  
  59  5:56  Marine  
  67  6:02  SCV  
  67  6:03  SCV  
  69  6:14  SCV  
  69  6:16  SCV, Terran Vehicle Weapons Level 1  
  69  6:18  Missile Turret  
  71  6:20  Orbital Command  
  71  6:26  Supply Depot, Thor  
  77  6:34  Hellbat x2  
  77  6:38  Missile Turret  
  81  6:45  SCV  
  81  6:46  SCV  
  83  6:48  Supply Depot, Orbital Command  
  83  6:57  SCV  
  83  6:58  SCV  
  83  7:00  Missile Turret  
  85  7:07  Factory  
  85  7:10  SCV  
  87  7:15  SCV  
  87  7:16  SCV  
  87  7:22  Refinery, Missile Turret, SCV  
  89  7:23  Thor  
  89  7:25  Hellbat  
  89  7:26  Hellbat  
  89  7:27  SCV  
  89  7:28  SCV  
  101  7:34  Supply Depot  
  101  7:50  Armory  
  101  7:56  Hellbat x2  
  101  7:58  Supply Depot  
  105  8:03  SCV x2  
  107  8:07  Refinery  
  107  8:10  Marine  
  107  8:11  Terran Vehicle And Ship Armor Level 1  
  108  8:19  Thor  
  114  8:21  Supply Depot  
  114  8:30  Factory Tech Lab  
  114  8:33  Hellbat  
  116  8:43  Hellbat  
  109  9:00  Thor  
  109  9:02  Hellbat, Thor  
  115  9:05  Hellbat  
  117  9:22  Missile Turret  
  117  9:25  Terran Vehicle Weapons Level 2  
  119  9:31  Hellbat x2  
  119  9:38  Command Center  
  121  9:42  Missile Turret  
  121  9:46  SCV x3  
  124  9:55  Supply Depot  
  124  9:58  Supply Depot, SCV  
  125  10:05  Terran Ship Weapons Level 1  
  125  10:06  SCV  
  124  10:07  Hellbat  
  124  10:10  SCV  
  115  10:16  Thor x2  
  115  10:18  SCV  
  115  10:19  Supply Depot  
  113  10:21  Supply Depot  
  113  10:22  SCV  
  105  10:35  Command Center  
  105  10:38  Hellbat x2  
  109  10:44  Supply Depot  
  83  10:59  Hellbat x2, Thor x2  
  87  11:07  Supply Depot  
  87  11:11  Starport  
  72  11:21  Hellbat  
  63  11:30  Supply Depot  
  52  11:41  SCV  
  52  11:42  SCV, Thor x2  
  66  11:49  Starport  
  66  11:52  Hellbat x2  
  66  11:53  Supply Depot, SCV  
  71  11:55  Starport Tech Lab  
  71  11:59  Fusion Core  
  71  12:00  Terran Ship Weapons Level 2  
  71  12:13  Hellbat x2  
  71  12:15  Supply Depot  
  75  12:24  Thor x2  
  75  12:27  Starport  
  87  12:30  Starport Tech Lab  
  87  12:58  Battlecruiser  
  87  13:00  Battlecruiser  
  49  14:12  Command Center  
  49  14:14  Battlecruiser x2  
  49  14:15  Starport Tech Lab  
  61  14:18  Hellbat x2  
  61  14:19  Thor x2  
  77  14:43  Supply Depot  
  77  14:47  Starport  
  77  14:48  Sensor Tower  
  77  14:53  Viking  
  79  15:17  Refinery  
  75  15:43  Refinery  
  43  16:22  Command Center  
Show
View Real Time Build Order
Export as new Build Order

RedRum Terran - Winner!

Build Orders: Command Center First (CC) 

Get SALT Encoding   

  12  0:02  SCV  
  13  0:14  SCV  
  14  0:27  Supply Depot, SCV  
  15  0:50  SCV  
  16  1:03  SCV  
  17  1:10  Command Center  
  17  1:15  SCV  
  18  1:27  SCV  
  19  1:38  Command Center  
  19  1:43  SCV  
  20  2:05  SCV  
  21  2:13  Barracks  
  21  2:20  Supply Depot  
  21  2:32  Barracks  
  21  2:38  SCV  
  21  2:41  SCV  
  23  2:53  SCV x2  
  23  2:55  SCV  
  25  3:03  Marine  
  26  3:05  SCV  
  27  3:16  Orbital Command x2  
  27  3:20  Marine  
  27  3:26  Orbital Command  
  28  3:34  Refinery  
  28  3:35  Refinery  
  28  3:38  Command Center  
  28  3:41  Marine  
  29  3:44  SCV  
  29  3:46  Refinery  
  29  3:47  Marine  
  29  3:48  Refinery  
  31  3:53  SCV x2  
  33  3:56  SCV  
  34  4:05  SCV x2  
  34  4:06  Marine x2  
  34  4:08  SCV  
  39  4:17  SCV x2  
  39  4:22  Factory  
  41  4:28  Barracks  
  41  4:30  Barracks  
  41  4:32  Barracks Tech Lab x2  
  41  4:38  SCV  
  42  4:39  SCV x2  
  44  4:46  Engineering Bay  
  44  4:48  Engineering Bay  
  44  4:51  Combat Shield  
  44  4:54  Orbital Command  
  44  4:58  SCV x2  
  46  5:01  Marine  
  46  5:05  Factory Tech Lab  
  47  5:11  Starport  
  47  5:13  Stimpack  
  47  5:19  SCV x4  
  51  5:22  Marine  
  51  5:23  Marine  
  53  5:30  Siege Tank  
  53  5:31  Marine  
  57  5:37  SCV  
  57  5:39  Missile Turret  
  57  5:41  Barracks Reactor x2  
  58  5:52  Starport Reactor  
  58  5:54  Terran Infantry Weapons Level 1, Terran Infantry Armor Level 1  
  58  5:58  Supply Depot  
  58  5:59  Supply Depot  
  58  6:00  Supply Depot  
  58  6:02  SCV x2  
  60  6:07  Marine x2  
  62  6:12  Concussive Shells  
  62  6:15  Siege Tank  
  65  6:19  Marine  
  65  6:23  Armory  
  65  6:25  Supply Depot  
  66  6:28  Supply Depot, SCV  
  66  6:29  SCV x2  
  66  6:30  Supply Depot, SCV  
  70  6:35  Marine, Refinery  
  70  6:36  Refinery  
  71  6:43  Factory  
  71  6:46  Starport  
  74  6:47  Siege Tank  
  74  6:55  SCV  
  74  6:56  SCV x3  
  74  6:58  Missile Turret  
  74  6:59  Missile Turret x2  
  78  7:02  Medivac x2  
  78  7:08  SCV x4  
  86  7:18  Armory  
  86  7:20  Marine x2, SCV x2  
  90  7:23  Marine  
  90  7:24  Marauder x2, Missile Turret  
  95  7:31  Barracks  
  95  7:32  Barracks  
  95  7:33  Barracks  
  95  7:36  Factory Tech Lab, Barracks, Starport Reactor  
  95  7:38  Barracks  
  95  7:40  Marine x3  
  95  7:41  Widow Mine  
  100  7:45  Marauder  
  102  7:55  Marauder, Marine  
  102  7:56  Siege Tank  
  102  7:57  Medivac  
  110  7:59  Medivac  
  110  8:03  Siege Tank, SCV x4  
  119  8:07  Marauder  
  121  8:13  Missile Turret  
  121  8:15  Missile Turret, SCV  
  121  8:19  Barracks Reactor x2  
  122  8:20  Missile Turret, Barracks Reactor  
  122  8:29  Marine  
  122  8:30  Barracks Tech Lab x2  
  123  8:35  Supply Depot  
  123  8:36  Supply Depot  
  123  8:38  Supply Depot  
  123  8:40  Supply Depot  
  123  8:46  Marauder  
  115  8:57  Marine x2  
  115  8:58  Marine x4, Marauder  
  115  8:59  Marine x4, Marauder x2  
  121  9:07  Marauder  
  123  9:10  SCV  
  123  9:15  Marine x3  
  123  9:16  Marine x4  
  131  9:17  Supply Depot  
  131  9:18  Supply Depot  
  131  9:19  Supply Depot  
  131  9:20  Marauder x3, Terran Ship Weapons Level 1, Supply Depot x3, Terran Vehicle And Ship Armor Level 1  
  131  9:22  SCV  
  138  9:24  Terran Infantry Weapons Level 2  
  138  9:26  Terran Infantry Armor Level 2  
  138  9:28  Marauder  
  140  9:34  SCV  
  140  9:37  SCV  
  142  9:41  Marauder x2  
  142  9:44  Marauder  
  148  9:45  Marine  
  148  9:46  Marine x3, SCV  
  148  9:50  Marauder, SCV  
  156  9:58  SCV  
  157  10:02  SCV  
  157  10:03  Marauder x2  
  157  10:06  Marauder  
  164  10:10  SCV  
  164  10:14  SCV  
  152  10:17  Marauder  
  152  10:18  Marine x3  
  152  10:19  Marine x7  
  136  10:23  SCV  
  136  10:24  Marauder x2  
  136  10:26  SCV  
  136  10:27  Marauder  
  135  10:31  Command Center  
  135  10:36  Marine x5  
  135  10:38  Marauder  
  135  10:42  Marine x2  
  144  10:43  Medivac x4  
  144  10:45  Marauder x2  
  144  10:48  Marauder  
  156  10:54  Marine x4  
  149  10:59  Marauder  
  151  11:04  Siege Tank x2  
  151  11:07  Marauder x2  
  151  11:10  Marauder  
  158  11:13  Medivac x2  
  158  11:18  Marine x5  
  154  11:19  Marine  
  154  11:20  Marine  
  154  11:21  Marauder  
  159  11:28  Marauder x2  
  159  11:31  Marauder  
  165  11:36  Siege Tank  
  168  11:41  Weapon Refit  
  168  11:42  Marauder  
  168  11:44  Terran Infantry Weapons Level 3, Terran Ship Weapons Level 2, Terran Infantry Armor Level 3  
  168  11:45  Terran Vehicle And Ship Armor Level 2  
  170  11:49  Marauder, Fusion Core  
  170  11:50  Marauder  
  170  11:53  Marauder  
  176  12:01  Starport  
  176  12:02  Starport  
  176  12:03  Starport  
  176  12:04  Starport  
  176  12:18  Starport  
  176  12:20  Orbital Command  
  176  12:24  Starport  
  176  12:26  Starport  
  176  12:27  Refinery x2  
  176  12:28  Starport  
  176  12:29  Refinery  
  176  12:30  Refinery  
  176  12:46  Starport Tech Lab  
  176  12:47  Starport Tech Lab x3  
  176  12:59  Starport  
  176  13:00  Starport  
  176  13:01  Starport  
  176  13:02  Starport  
  176  13:07  Starport Tech Lab  
  176  13:08  Starport Tech Lab x3  
  139  14:18  Starport Tech Lab x2  
  139  14:19  Starport Tech Lab x2  
  139  14:25  Battlecruiser  
  139  14:26  Battlecruiser x5  
  175  14:32  Command Center  
  175  14:35  Command Center  
  175  14:40  Neosteel Armor  
  175  14:41  Hi-Sec Auto Tracking  
  175  14:47  Refinery  
  175  14:51  Refinery  
  175  15:01  Battlecruiser x2  
  187  15:09  Missile Turret x3  
  187  15:28  Supply Depot  
  187  15:29  Missile Turret  
  187  15:34  Battlecruiser x2  
  177  15:51  Battlecruiser x2  
  170  16:01  Supply Depot  
  166  16:05  Battlecruiser x2  
  166  16:06  Orbital Command  
  166  16:08  Refinery, Orbital Command  
  174  16:24  Missile Turret  
  174  16:25  Missile Turret  
  168  16:27  Missile Turret  
  168  16:28  Missile Turret x2  
  168  16:31  Supply Depot  
  168  16:32  Missile Turret  
  168  16:33  Missile Turret x2  
  168  16:34  Missile Turret x2  
  168  16:36  Missile Turret  
  168  16:37  Missile Turret  
  168  16:40  Missile Turret x3  
  168  16:41  Missile Turret  
  168  16:45  Missile Turret x2  
  174  16:50  Missile Turret  
  174  16:53  Missile Turret  
  180  16:55  Missile Turret  
  180  16:59  Missile Turret  
  180  17:01  Missile Turret  
  180  17:03  Missile Turret  
  180  17:05  Missile Turret  
  180  17:08  Supply Depot  
Tags
 
Add a new tag
Caveats
  • Supply blocks, unpowered buildings, or Contaminate may cause inaccurate times.
  • Supply counts are checked every 10 seconds.